 Dungeon Crawl Stone Soup version 0.19.0-19-g8c6edcc (webtiles) character file.

29289 Minion the Severer (level 13, -9/113 HPs)
             Began as a Minotaur Fighter on Nov 14, 2016.
             Was an Elder of the Shining One.
             Mangled by a death yak (18 damage)
             ... on level 6 of the Lair of Beasts.
             The game lasted 00:38:42 (15210 turns).

Minion the Severer (Minotaur Fighter)              Turns: 15210, Time: 00:38:43

Health: -9/113     AC: 15    Str: 30    XL:     13   Next: 14%
Magic:  13/16      EV: 20    Int:  5    God:    the Shining One [****..]
Gold:   877        SH: 11    Dex: 10    Spells: 0 memorised, 12 levels left

rFire  . . .     SeeInvis .     l - +2 war axe (freeze)
rCold  . . .     Gourm    .     b - +0 scale mail
rNeg   + + .     Faith    .     (no shield)
rPois  .         Spirit   .     (helmet restricted)
rElec  .         Reflect  +     E - +0 cloak
rCorr  .         Harm     .     y - +2 pair of gloves
MR     .....                    B - +0 pair of boots
Stlth  ..........               s - +3 amulet of reflection
                                O - +5 ring of evasion
                                U - +4 ring of strength

@: divine shield, glowing
A: retaliatory headbutt, horns 2
a: Divine Shield, Cleansing Flame, Renounce Religion


You were on level 6 of the Lair of Beasts.
You worshipped the Shining One.
The Shining One was greatly pleased with you.
You were hungry.

You visited 3 branches of the dungeon, and saw 17 of its levels.
You also visited: Sewer.

You collected 1033 gold pieces.
You spent 123 gold pieces at shops.
You donated 33 gold pieces to Zin.

Inventory:

Hand Weapons
 l - a +2 war axe of freezing (weapon)
 m - a +7 club
Armour
 b - a +0 scale mail (worn)
 y - a +2 pair of gloves (worn)
 B - a +0 pair of boots (worn)
 E - a +0 cloak (worn)
Jewellery
 j - an uncursed ring of protection from cold
 o - an uncursed ring of resist corrosion
 s - a +3 amulet of reflection (around neck)
 O - a +5 ring of evasion (right hand)
 U - a +4 ring of strength (left hand)
Wands
 w - a wand of lightning (2/15)
 L - a wand of flame (8/48)
 T - a wand of iceblast (15/15)
Scrolls
 g - 3 scrolls of recharging
 i - a scroll of magic mapping
 k - 13 scrolls of identify
 n - 3 scrolls of remove curse
 p - 4 scrolls of teleportation
 r - 5 scrolls of immolation
 v - 2 scrolls of fog
 A - 5 scrolls of amnesia
 C - 4 scrolls of enchant weapon
 D - 5 scrolls of blinking
 G - a scroll of vulnerability {unknown}
 J - a scroll of enchant armour
 N - 2 scrolls of silence
 W - a scroll of fear
Potions
 c - 3 potions of cancellation
 d - 2 potions of might
 e - 2 potions of mutation
 t - 2 potions of agility
 x - 2 potions of curing
 z - 4 potions of resistance
 F - 2 potions of invisibility
 H - a potion of heal wounds
 K - 2 potions of ambrosia
 R - a potion of lignification
 S - 4 potions of brilliance
 Y - 3 potions of flight
Comestibles
 a - a beef jerky
 f - 13 bread rations
 h - 2 slices of pizza
 q - 18 fruits
 u - 12 meat rations


   Skills:
 - Level 10.0 Fighting
 * Level 17.9 Axes
 - Level 10.0 Armour
 + Level 10.4 Dodging
   Level 3.6 Shields
 + Level 6.4 Invocations


You had 12 spell levels left.
You didn't know any spells.

Dungeon Overview and Level Annotations

Branches:
Dungeon (10/15)            Temple (1/1) D:6            Lair (6/6) D:8
 Shoals (0/4) Lair:2        Snake (0/4) Lair:2          Orc (0/2) D:10
  Slime: Lair:5-6

Altars:
Ashenzari
Cheibriados
Dithmenos
Fedhas
Makhleb
Okawaru
Qazlal
Trog
Uskayaw
Xom
Yredelemnul
Zin
The Shining One

Shops:
D:6 ?


Innate Abilities, Weirdness & Mutations

You reflexively headbutt those who attack you in melee.
You have a pair of horns on your head.


Message History

You kill the death yak!
You slash the death yak! You freeze the death yak.
You slice the slime creature!! You freeze the slime creature.
You hit the fungus. You freeze the fungus.
You are feeling hungry.
The slime creature completely misses you.
A yak comes into view.
The yak bellows!
You hit the death yak but do no damage. You headbutt the death yak.
The death yak is severely wounded.
You hit the fungus. You freeze the fungus. You slash the slime creature!
You freeze the slime creature. The death yak gores you!
* * * LOW HITPOINT WARNING * * *
You feel much better. The slime creature hits you.
A divine shield forms around you!
You feel slightly more hungry.
The slime creature completely misses you.
The large slime creature hits you!!!
* * * LOW HITPOINT WARNING * * *
The death yak gores you!!
You die...

#.#............[....
#...................
##..................
#................P..
###...##..# ##...P#
... #....## ..
##..P# ##@Y# #JJ##


#YYY# #Y.## ..YY# #...... #...... .. #..###.. ... .#. .. ... You could see 2
death yaks, a large slime creature, a slime creature and 5 yaks.

Vanquished Creatures
  5 hydras
  The ghost of vogonpoet the Severer, a novice MiBe of Trog (D:8)
  A death yak (Lair:6)
  A fire crab (Lair:6)
  A hill giant (D:10)
  An elephant (D:8)
  Joseph (D:8)
  3 black mambas
  11 spiny frogs
  2 rime drakes
  2 komodo dragons (Lair:1)
  2 trolls
  A merfolk (D:9)
  Prince Ribbit (D:8)
  A slime creature (Lair:6)
  A snapping turtle (Lair:2)
  17 blink frogs
  8 hippogriffs
  A vampire (D:9)
  Sigmund (D:5)
  2 wyverns
  24 yaks
  2 basilisks
  2 humans (D:7)
  3 nagas (Lair:2)
  9 water moccasins
  4 porcupines
  A sky beast (D:7)
  Purgy (Sewer)
  3 orc warriors (D:10)
  3 ice beasts
  A black bear (D:7)
  5 ogres
  3 phantoms
  7 wolves (Lair:1)
  3 centaurs
  8 crocodiles
  2 big kobolds
  8 bullfrogs
  6 scorpions
  3 killer bees (D:8)
  5 wights (D:7)
  3 howler monkeys (D:9)
  5 crimson imps
  2 bullfrog zombies
  4 jellies
  4 hounds
  3 orc priests (D:10)
  An iron imp (D:6)
  10 orc wizards
  Jessica (D:2)
  An iguana (D:8)
  8 worker ants
  Natasha (thrice) (D:2)
  2 hound zombies (D:10)
  2 hound skeletons
  A howler monkey zombie (D:9)
  3 gnolls (D:4)
  15 adders
  A shadow imp (D:5)
  An ooze (D:5)
  2 adder skeletons
  4 dart slugs
  9 leopard geckos
  30 orcs
  3 bats
  9 giant cockroaches
  5 goblins
  7 hobgoblins
  9 jackals
  3 quokkas
  A ball python (D:3)
  6 frilled lizards
  14 kobolds
  A leopard gecko skeleton (D:9)
  A quokka skeleton (D:7)
  7 rats
  A fungus (Lair:2)
  3 plants
352 creatures vanquished.

Vanquished Creatures (others)
  3 fungi
3 creatures vanquished.

Grand Total: 355 creatures vanquished

Notes
Turn   | Place    | Note
-------+----------+-------------------------------------------
     0 | D:1      | Minion the Minotaur Fighter began the quest for the Orb.
     0 | D:1      | Reached XP level 1. HP: 19/19 MP: 0/0
    89 | D:1      | Reached skill level 3 in Axes
    89 | D:1      | Reached XP level 2. HP: 26/27 MP: 1/1
   519 | D:2      | Noticed Jessica
   527 | D:2      | Killed Jessica
   527 | D:2      | Reached skill level 1 in Dodging
   527 | D:2      | Reached XP level 3. HP: 17/33 MP: 2/2
   711 | D:2      | Found a shimmering altar of Xom.
   768 | D:2      | Noticed Natasha
   775 | D:2      | Killed Natasha
   775 | D:2      | Reached skill level 4 in Axes
   775 | D:2      | Reached XP level 4. HP: 33/41 MP: 3/3
   864 | D:2      | Noticed Natasha
   871 | D:2      | Killed Natasha
   965 | D:2      | Reached XP level 5. HP: 42/47 MP: 4/4
  1064 | D:2      | Noticed Natasha
  1068 | D:2      | Killed Natasha
  1068 | D:2      | Reached skill level 5 in Axes
  1452 | D:2      | Reached skill level 5 in Fighting
  1998 | D:3      | Reached XP level 6. HP: 55/56 MP: 5/5
  2311 | D:4      | Reached skill level 6 in Axes
  2569 | D:4      | Found a glowing drain.
  2606 | Sewer    | Entered a sewer
  2672 | Sewer    | Noticed Purgy
  2687 | Sewer    | Killed Purgy
  2744 | D:4      | Reached XP level 7. HP: 61/61 MP: 6/6
  2755 | D:4      | Reached skill level 7 in Axes
  2840 | D:4      | Found a glowing silver altar of Zin.
  2874 | D:4      | Became a worshipper of Zin the Law-Giver
  2874 | D:4      | Reached * piety under Zin
  2972 | D:4      | Got a smoking silver ring
  2985 | D:4      | Found a shimmering altar of Xom.
  3253 | D:5      | Entered Level 5 of the Dungeon
  3488 | D:5      | Reached skill level 8 in Axes
  3711 | D:5      | Noticed Sigmund
  3721 | D:5      | Killed Sigmund
  3721 | D:5      | Reached XP level 8. HP: 68/71 MP: 7/7
  4075 | D:5      | Found a blossoming altar of Fedhas.
  4109 | D:5      | Found a bloodstained altar of Trog.
  4122 | D:5      | Reached skill level 9 in Axes
  4129 | D:5      | Reached skill level 5 in Dodging
  4147 | D:5      | Reached ** piety under Zin
  4428 | D:6      | Found Fihoo's Magic Scroll Shoppe.
  4432 | D:6      | Bought a scroll of identify for 26 gold pieces
  4432 | D:6      | Bought a scroll of blinking for 97 gold pieces
  4442 | D:6      | Found a staircase to the Ecumenical Temple.
  4634 | D:6      | Found a snail-covered altar of Cheibriados.
  4647 | D:6      | Reached *** piety under Zin
  4765 | Temple   | Entered the Ecumenical Temple
  4855 | Temple   | Fell from the grace of Zin
  4855 | Temple   | Became a worshipper of the Shining One
  4855 | Temple   | Reached * piety under the Shining One
  4916 | D:6      | Found a stormy altar of Qazlal.
  4950 | D:7      | Reached skill level 10 in Axes
  4955 | D:7      | Reached ** piety under the Shining One
  5126 | D:7      | Reached XP level 9. HP: 63/81 MP: 8/8
  5367 | D:7      | Found an iron altar of Okawaru.
  5466 | D:7      | Reached skill level 11 in Axes
  5596 | D:7      | Identified the ring of Pupag {Fire *Contam Str-4 Int+9 Slay+3} (You found it on level 4 of the Dungeon)
  6110 | D:8      | Noticed Joseph
  6119 | D:8      | Killed Joseph
  6119 | D:8      | Reached skill level 12 in Axes
  6150 | D:8      | Noticed vogonpoet's ghost (novice MiBe)
  6163 | D:8      | Killed vogonpoet's ghost
  6163 | D:8      | Reached XP level 10. HP: 78/91 MP: 9/9
  6195 | D:8      | Found a staircase to the Lair.
  6196 | D:8      | Noticed an elephant
  6205 | D:8      | Killed an elephant
  6494 | D:8      | Noticed Prince Ribbit
  6499 | D:8      | Killed Prince Ribbit
  6511 | D:8      | Found a shattered altar of Ashenzari.
  7239 | D:9      | Reached skill level 13 in Axes
  7260 | D:9      | Reached skill level 10 in Fighting
  7621 | D:9      | Found a shadowy altar of Dithmenos.
  8093 | D:10     | Entered Level 10 of the Dungeon
  8130 | D:10     | Reached *** piety under the Shining One
  8158 | D:10     | Reached skill level 14 in Axes
  8162 | D:10     | Reached skill level 5 in Armour
  8293 | D:10     | Noticed a hill giant
  8301 | D:10     | Killed a hill giant
  8301 | D:10     | Reached XP level 11. HP: 95/99 MP: 10/10
  8916 | D:10     | Found a staircase to the Orcish Mines.
  9314 | Lair:1   | Entered Level 1 of the Lair of Beasts
  9703 | Lair:1   | Reached **** piety under the Shining One
  9708 | Lair:1   | Reached skill level 15 in Axes
 10241 | Lair:2   | Noticed a seven-headed hydra
 10252 | Lair:2   | Killed a seven-headed hydra
 10252 | Lair:2   | Reached skill level 10 in Dodging
 10383 | Lair:2   | Found a staircase to the Snake Pit.
 10390 | Lair:2   | Reached skill level 1 in Invocations
 10866 | Lair:2   | Reached XP level 12. HP: 104/106 MP: 11/13
 10873 | Lair:2   | Reached skill level 16 in Axes
 11252 | Lair:2   | Noticed a seven-headed hydra
 11261 | Lair:2   | Killed a seven-headed hydra
 11366 | Lair:2   | Found a staircase to the Shoals.
 12356 | Lair:4   | Noticed a five-headed hydra
 12364 | Lair:4   | Killed a five-headed hydra
 13030 | Lair:5   | Reached skill level 17 in Axes
 13030 | Lair:5   | Reached skill level 5 in Invocations
 13301 | Lair:5   | Noticed a five-headed hydra
 13314 | Lair:5   | Killed a five-headed hydra
 14016 | Lair:6   | Entered Level 6 of the Lair of Beasts
 14071 | Lair:6   | Noticed a six-headed hydra
 14080 | Lair:6   | Killed a six-headed hydra
 14080 | Lair:6   | Reached skill level 10 in Armour
 14812 | Lair:6   | Reached XP level 13. HP: 113/113 MP: 16/16
 15210 | Lair:6   | Mangled by a death yak

Skill      XL: |  1  2  3  4  5  6  7  8  9 10 11 12 |
---------------+-------------------------------------+-----
Axes           | 3 4 5 6 8 10 12 14 15 17 | 17.9
Fighting       | 4 5 6 7 9 10 | 10.0
Dodging        | 1 2 3 4 6 7 9 10 | 10.4
Armour         | 5 8 10 | 10.0
Invocations    | 2 6 |  6.4
Shields        | |  3.6

Action                   |  1- 3 |  4- 6 |  7- 9 | 10-12 | 13-15 || total
-------------------------+-------+-------+-------+-------+-------++-------
Melee: Spear             |    16 |       |       |       |       ||    16
       War axe           |    26 |    48 |   215 |   460 |    47 ||   796
       Headbutt          |     7 |    23 |    43 |    95 |    14 ||   182
       Club              |    12 |    84 |       |    31 |       ||   127
Invok: Recite            |       |       |     6 |       |       ||     6
       Divine Shield     |       |       |     1 |     2 |     1 ||     4
  Use: Scroll            |     1 |       |     5 |    18 |       ||    24
       Potion            |       |       |       |     2 |     1 ||     3
  Eat: Chunk             |       |     6 |     7 |    23 |     1 ||    37
       Beef jerky        |       |       |     2 |       |       ||     2
       Pizza             |       |       |       |     2 |       ||     2
       Royal jelly       |       |       |       |     1 |       ||     1
Armor: Scale mail        |    23 |    83 |    75 |   103 |     4 ||   288
Dodge: Dodged            |    28 |   100 |    92 |   288 |    26 ||   534
Block: Other             |       |    14 |    15 |    56 |     3 ||    88
       Reflection        |       |     1 |       |     1 |       ||     2
